 Dungeon Crawl Stone Soup version 0.24-a0-335-g06ca16a (webtiles) character file.

Game seed: 1304380122042549993

11333 MisterFreud the Grappler (level 11, 0/105 HPs)
             Began as a Troll Monk on May 18, 2019.
             Was a High Priest of Okawaru.
             Slain by an unseen horror (4 damage)
             ... on level 11 of the Dungeon.
             The game lasted 00:19:49 (9363 turns).

MisterFreud the Grappler (Troll Monk)               Turns: 9363, Time: 00:19:50

Health: 0/105      AC: 19    Str: 35    XL:     11   Next: 47%
Magic:  16/16      EV: 11    Int: 10    God:    Okawaru [*****.]
Gold:   684        SH:  0    Dex: 12    Spells: 10/10 levels left

rFire    . . .     SeeInvis +     - Unarmed
rCold    . . .     Gourm    +   (no shield)
rNeg     . . .     Faith    .   N - +2 shadow dragon scales of Impatience {Int+4 Stlth++++}
rPois    .         Spirit   .   (helmet restricted)
rElec    .         Reflect  .   q - +1 cloak
rCorr    .         Harm     .   (gloves unavailable)
MR       .....                  (boots unavailable)
Stlth    ++++......             w - amulet of rage
HPRegen  0.67/turn              K - ring "Iceimp" {*Corrode +Fly Str+8 SInv Stlth+}
MPRegen  0.15/turn              M - +3 ring of strength

@: marked, slowed, very slow
A: large, unfitting armour, claws 3, fast metabolism 3, gourmand, regeneration
1, shaggy fur 1, tough skin 3
a: Heroism, Finesse, Renounce Religion, Evoke Berserk Rage, Evoke Flight


You were on level 11 of the Dungeon.
You worshipped Okawaru.
Okawaru was extremely pleased with you.
You were full.

You visited 2 branches of the dungeon, and saw 12 of its levels.

You collected 684 gold pieces.

Inventory:

Missiles
 h - 2 throwing nets (quivered)
 i - 451 stones
 l - 2 silver javelins
 s - 11 boomerangs
Armour
 a - a +0 robe
 q - a +1 cloak (worn)
 N - the +2 shadow dragon scales of Impatience (worn) {Int+4 Stlth++++}
   (Okawaru gifted it to you on level 10 of the Dungeon)

   It affects your intelligence (+4).
   It makes you much more stealthy.
Jewellery
 n - an uncursed ring of magical power
 w - an amulet of rage (around neck)
 G - an uncursed ring of resist corrosion
 K - the ring "Iceimp" (left claw) {*Corrode +Fly Str+8 SInv Stlth+}
   (You found it on level 9 of the Dungeon)

   [ring of flight]

   It affects your strength (+8).
   It lets you see invisible.
   It lets you fly.
   It may corrode you when you take damage.
   It makes you more stealthy.
 M - a +3 ring of strength (right claw)
Wands
 u - a wand of digging (6)
 F - a wand of scattershot (6)
 H - a wand of iceblast (4)
Scrolls
 e - 3 scrolls of enchant weapon
 g - 4 scrolls of remove curse
 o - 8 scrolls of teleportation
 r - 3 scrolls of amnesia
 t - 2 scrolls of enchant armour
 y - a scroll of random uselessness {unknown}
 C - a scroll of blinking {unknown}
 D - a scroll of magic mapping {unknown}
 E - a scroll of fear {unknown}
 O - a scroll of immolation {unknown}
Potions
 c - 6 potions of degeneration
 d - 2 potions of curing
 f - 4 potions of lignification
 j - 3 potions of invisibility
 k - 2 potions of cancellation
 m - 2 potions of flight
 p - 4 potions of haste
 v - 2 potions of brilliance
 z - 2 potions of might
 A - 3 potions of agility
 I - a potion of resistance {unknown}
 J - 2 potions of magic
Comestibles
 b - 19 rations


   Skills:
 - Level 6.0 Fighting
 + Level 3.4 Armour
 - Level 8.1 Dodging
 - Level 1.0 Stealth
 + Level 11.1 Unarmed Combat
 - Level 8.0 Invocations


You had 10 spell levels left.
You didn't know any spells.
Your spell library contained the following spells:

 Spells                   Type           Power        Failure   Level  Hunger
 Freeze                   Ice            #...         83%         1    ##.....
 Throw Frost              Conj/Ice       #.....       93%         2    ###....
 Ozocubu's Armour         Chrm/Ice       #.......     99%         3    ####...
 Summon Ice Beast         Ice/Summ       #.......     100%        4    #####..
 Throw Icicle             Conj/Ice       #.......     100%        4    #####..


Dungeon Overview and Level Annotations

Branches:
Dungeon (11/15)            Temple (1/1) D:5            Lair (0/6) D:9
    Orc (0/2) D:10

Altars:
Ashenzari
Cheibriados
Dithmenos
Elyvilon
Fedhas
Gozag
Hepliaklqana
Makhleb
Nemelex Xobeh
Okawaru
Qazlal
Sif Muna
Uskayaw
Vehumet
Wu Jian
Xom
Yredelemnul
Zin
The Shining One

Shops:
D:4 %   D:8 (

Annotations:
D:11 Erolcha, Harold, Psyche, Sonja


Innate Abilities, Weirdness & Mutations

You are too large for most types of armour.
You have claws for hands.
Your metabolism is lightning-fast.
You like to eat raw meat.
Your natural rate of healing is unusually fast.
You are covered in fur. (AC +1)
You have extremely tough skin. (AC +3)


Message History

You scratch the unseen horror.
The unseen horror is lightly wounded.
The unseen horror barely misses you.
The unseen horror hits you but does no damage. x2
The unseen horror hits you!
* * * LOW HITPOINT WARNING * * *
You feel better. The unseen horror hits you.
* * * LOW HITPOINT WARNING * * *
The unseen horror hits you but does no damage.
The unseen horror hits you.
* * * LOW HITPOINT WARNING * * *
The unseen horror barely misses you.
You claw the unseen horror! x2
The unseen horror is almost dead.
You hear an angry hiss.
You hear a shout!
The unseen horror hits you but does no damage. x2
A wyvern comes into view.
The unseen horror hits you but does no damage.
The unseen horror hits you.
You die...

.# .# .#
#.##
.....#
.#..# #
...# #=#
l.#
#g#c.
#x#
#....#@#
#..#
####


You could see an unseen horror (invisible) and a wyvern.

Vanquished Creatures
  A fire dragon (D:8)
  A two-headed ogre (D:9)
  Pikel (D:4)
  An orc knight (D:9)
  Joseph (D:8)
  A freezing wraith (D:10)
  A troll (D:10)
  2 dream sheep (D:8)
  11 yaks
  A wyvern (D:9)
  A human (D:11)
  A hungry ghost (D:10)
  Edmund (D:4)
  2 wargs (D:11)
  2 sky beasts (D:10)
  2 ice beasts
  4 orc warriors
  3 necrophages
  A slave (D:4)
  6 ogres
  5 centaurs
  The ghost of frenix the Caller, an amateur DsSu (D:3)
  4 big kobolds
  7 bullfrogs
  2 scorpions
  5 killer bees
  2 howler monkeys (D:10)
  9 wights
  7 electric eels
  7 crimson imps
  A quasit (D:8)
  A centaur zombie (D:9)
  9 orc priests
  2 gnoll shamans
  5 hounds
  4 jellies
  10 orc wizards
  Crazy Yiuf (D:2)
  2 iguanas
  3 bullfrog skeletons
  2 bullfrog zombies
  5 worker ants
  A hound zombie (D:5)
  A hound skeleton (D:9)
  A howler monkey skeleton (D:10)
  11 gnolls
  12 adders
  2 shadow imps
  An ooze (D:1)
  An adder skeleton (D:5)
  4 worms
  A dart slug (D:1)
  12 leopard geckos
  40 orcs
  4 giant cockroaches
  3 goblins (D:3)
  8 hobgoblins
  12 jackals
  10 kobolds
  6 quokkas
  A ball python (D:1)
  7 bats
  6 frilled lizards
  2 goblin zombies (D:8)
  2 hobgoblin zombies (D:8)
  A jackal zombie (D:8)
  A kobold skeleton (D:8)
  An orc zombie (D:8)
  A quokka skeleton (D:5)
  2 quokka zombies
  5 rats
297 creatures vanquished.

Vanquished Creatures (others)
  15 plants (D:10)
15 creatures vanquished.

Grand Total: 312 creatures vanquished

Notes
Turn   | Place    | Note
-------+----------+-------------------------------------------
     0 | D:1      | MisterFreud the Troll Monk began the quest for the Orb.
     0 | D:1      | Reached XP level 1. HP: 22/22 MP: 0/0
    47 | D:1      | Reached XP level 2. HP: 25/29 MP: 1/1
   302 | D:1      | Reached skill level 4 in Unarmed Combat
   389 | D:1      | Reached XP level 3. HP: 36/36 MP: 2/2
  1041 | D:2      | Found a runed translucent door.
  1042 | D:2      | Noticed Crazy Yiuf
  1726 | D:2      | Killed Crazy Yiuf
  1726 | D:2      | Reached skill level 5 in Unarmed Combat
  1726 | D:2      | Reached XP level 4. HP: 32/44 MP: 3/3
  1974 | D:3      | Reached XP level 5. HP: 46/50 MP: 4/4
  2002 | D:3      | Reached skill level 6 in Unarmed Combat
  2303 | D:3      | Found a runed translucent door.
  2307 | D:3      | Noticed frenix's ghost (amateur DsSu)
  2328 | D:3      | Reached XP level 6. HP: 51/59 MP: 5/5
  2329 | D:3      | Reached skill level 7 in Unarmed Combat
  2335 | D:3      | Killed frenix's ghost
  2420 | D:4      | Found Fiapof's Food Shop.
  2471 | D:4      | Reached skill level 8 in Unarmed Combat
  2471 | D:4      | Reached XP level 7. HP: 36/66 MP: 6/6
  2513 | D:4      | Noticed Edmund
  2554 | D:4      | Killed Edmund
  2905 | D:4      | Noticed Pikel
  2926 | D:4      | Killed Pikel
  2926 | D:4      | Reached XP level 8. HP: 73/74 MP: 7/7
  3174 | D:5      | Entered Level 5 of the Dungeon
  3312 | D:5      | Found a staircase to the Ecumenical Temple.
  3328 | Temple   | Entered the Ecumenical Temple
  3433 | Temple   | Became a worshipper of Warmaster Okawaru
  3433 | Temple   | Reached * piety under Okawaru
  3433 | Temple   | Reached ** piety under Okawaru
  3640 | D:5      | Reached skill level 1 in Invocations
  4116 | D:6      | Reached XP level 9. HP: 44/80 MP: 10/10
  4424 | D:6      | Reached *** piety under Okawaru
  4471 | D:6      | Found a burning altar of Makhleb.
  4482 | D:6      | Found a deep blue altar of Sif Muna.
  4964 | D:7      | Found a shattered altar of Ashenzari.
  5690 | D:8      | Noticed Joseph
  5705 | D:8      | Killed Joseph
  5705 | D:8      | Reached skill level 5 in Fighting
  5873 | D:8      | Found a glowing golden altar of the Shining One.
  6106 | D:8      | Found Sommyov's Antique Weapon Shop.
  6207 | D:8      | Reached XP level 10. HP: 92/98 MP: 12/12
  6215 | D:8      | Reached **** piety under Okawaru
  6220 | D:8      | Reached skill level 5 in Invocations
  6261 | D:8      | Noticed a two-headed hydra
  6275 | D:8      | Noticed a fire dragon
  6275 | D:8      | a three-headed hydra changed into a fire dragon
  6284 | D:8      | Killed a fire dragon
  6284 | D:8      | Received a gift from Okawaru
  6653 | D:9      | Got a coiled silver ring
  6715 | D:9      | Reached skill level 9 in Unarmed Combat
  6718 | D:9      | Identified the ring "Iceimp" {*Corrode +Fly Str+8 SInv
                  | Stlth+} (You found it on level 9 of the Dungeon)
  6737 | D:9      | Found a basalt altar of Yredelemnul.
  6824 | D:9      | Reached ***** piety under Okawaru
  6975 | D:9      | Noticed a two-headed ogre
  6980 | D:9      | Killed a two-headed ogre
  6980 | D:9      | Reached skill level 10 in Unarmed Combat
  7204 | D:9      | Found a staircase to the Lair.
  7384 | D:10     | Entered Level 10 of the Dungeon
  7423 | D:10     | Found a staircase to the Orcish Mines.
  7750 | D:11     | Reached XP level 11. HP: 33/104 MP: 15/15
  8162 | D:10     | Received a gift from Okawaru
  8165 | D:10     | Got spiked shadow dragon scales {god gift}
  8180 | D:11     | Identified the +2 shadow dragon scales of Impatience {Int+4
                  | Stlth++++} (Okawaru gifted it to you on level 10 of the
                  | Dungeon)
  8321 | D:10     | Reached skill level 1 in Armour
  8451 | D:10     | Noticed an orc knight
  8512 | D:9      | Killed an orc knight
  9126 | D:11     | Reached skill level 11 in Unarmed Combat
  9325 | D:11     | Noticed Harold
  9349 | D:11     | Noticed Sonja
  9349 | D:11     | Paralysed by Erolcha for 5 turns
  9350 | D:11     | Noticed Erolcha
  9353 | D:11     | Noticed Psyche
  9353 | D:11     | HP: 2/104 [Harold/+1 glaive of protection (26)]
  9358 | D:11     | HP: 4/105 [poisoned by Sonja (curare-tipped dart)]
  9359 | D:11     | Noticed a centaur warrior
  9359 | D:11     | Noticed an unseen horror
  9363 | D:11     | Slain by an unseen horror

Levels and vault maps discovered:
D:1:      mrwooster_arrival_statue_2, layout_loops_ring, serial_forest,
          infiniplex_forest_straight_1, infiniplex_forest_lined_2,
          infiniplex_forest_end_1, infiniplex_forest_end_1,
          infiniplex_forest_clump_long, infiniplex_forest_clump_small
D:2:      layout_loops_corners, uniq_crazy_yiuf_cottage
D:3:      layout_basic, ebering_ghost_sewer_d, first_ration,
          minmay_misc_feat_diagonals, dk_noncrumbling_2
D:4:      layout_gridville, serial_shops, shop, uniq_pikel, uniq_edmund
D:5:      layout_cave_pools, minmay_temple_entry_glassed_door
D:6:      layout_basic, amethyst_overflow_temple_binary, minmay_diced_spiral
D:7:      layout_cave_pods, evilmike_ruin_ashenzari
D:8:      layout_cave_pools, nicolae_tso_besieged_by_evil, serial_shops,
          kennysheep_little_box, hangedman_ranch [blue_anna_fruit_fields],
          uniq_joseph
D:9:      layout_basic, lair_entry_dummy, basic_altar
D:10:     layout_roguey, erik_orc_4, serial_bayou_lake_a
D:11:     minmay_the_grid_triangle_9x9_recursive_2_mashed
          [minmay_the_grid_triangle_9x9_prize_special,
          minmay_the_grid_triangle_9x9_longest,
          minmay_the_grid_triangle_9x9_zippers_vertical,
          minmay_the_grid_triangle_9x9_shrine], layout_basic,
          makhleb_altar_promises_db, uniq_harold, uniq_erolcha, uniq_psyche,
          uniq_sonja
Temple:   dpeg_five_rooms_temple

Skill      XL: |  1  2  3  4  5  6  7  8  9 10 11 |
---------------+----------------------------------+-----
Unarmed Combat | 4 5 6 8 10 11 | 11.1
Dodging        | 6 7 8 |  8.1
Invocations    | 3 4 7 8 |  8.0
Fighting       | 6 |  6.0
Armour         | 3 |  3.4
Stealth        | |  1.0

Action                   |  1- 3 |  4- 6 |  7- 9 | 10-12 || total
-------------------------+-------+-------+-------+-------++-------
Melee: Unarmed           |   105 |   140 |   323 |   365 ||   933
       Punch             |       |     1 |     8 |    25 ||    34
Evoke: Wand              |       |       |       |     8 ||     8
  Use: Scroll            |       |     6 |     8 |     7 ||    21
       Potion            |       |       |       |     5 ||     5
 Stab: Sleeping          |     4 |     3 |     3 |     4 ||    14
  Eat: Chunk             |    17 |    11 |    33 |    27 ||    88
Armor: Robe              |    26 |    61 |    82 |    51 ||   220
       Shadow dragon sca |       |       |       |    84 ||    84
Dodge: Dodged            |    40 |   100 |   203 |   231 ||   574

Table legend:
 A = Non-vault XP
 B = Vault XP
 C = Vault XP percentage of total XP
 D = Non-vault monster count
 E = Vault monster count
 F = Vault count percentage of total count
                 A         B        C        D         E       F
            +---------+---------+-------+---------+---------+-------
      Total |   11304 |    4887 |  30.2 |     251 |      45 |  15.2
            +---------+---------+-------+---------+---------+-------
        D:1 |      47 |       0 |   0.0 |      22 |       0 |   0.0
        D:2 |      40 |      41 |  50.6 |      15 |       1 |   6.2
        D:3 |     199 |     210 |  51.3 |      33 |       3 |   8.3
        D:4 |     596 |     821 |  57.9 |      27 |       2 |   6.9
        D:5 |     272 |       0 |   0.0 |      16 |       0 |   0.0
        D:6 |     928 |     332 |  26.3 |      22 |       6 |  21.4
        D:7 |     975 |       0 |   0.0 |      21 |       0 |   0.0
        D:8 |     376 |    2703 |  87.8 |       8 |      16 |  66.7
        D:9 |    3458 |       0 |   0.0 |      30 |       0 |   0.0
       D:10 |    2482 |     219 |   8.1 |      36 |      11 |  23.4
       D:11 |    1931 |     561 |  22.5 |      21 |       6 |  22.2
            +---------+---------+-------+---------+---------+-------
